AoeStats
← owengold23

Arabia

508406738Analyzed
2v2 RM · 11d ago on Sep 22, 2026· 48m 17s· 4 players
Game mode
Random Map
Map size
Medium (4 player)
Population
200
Speed
Normal
Resources
Standard
Victory
Conquest
Starting age
Dark Age
Ending age
Imperial Age
RankedLock teamsTeams togetherTeam positionsShared explorationLock speedFull tech treeHidden civsTurbo modeCheats
Victory
Defeat
🇦🇺 Byzantines · Australia
1504
+12
🇦🇺 Georgians · Australia
1406
+16
1455
-16
🇨🇳 Vietnamese · China
1373
-12
owengold23
6:33 Loom
8:55 Feudal Age
10:30 Double-Bit Axe
16:10 Fletching
18:22 Padded Archer Armor
24:24 Castle Age
22:28 Gold Mining
22:33 Horse Collar
24:21 Wheelbarrow
24:35 Crossbowman
25:33 Bow Saw
26:43 Leather Archer Armor
26:24 Bodkin Arrow
27:44 Heavy Plow
28:22 Thumb Ring
32:29 Ballistics
38:31 Imperial Age
37:54 Hand Cart
38:35 Gold Shaft Mining
38:50 Arbalester
40:35 Two-Man Saw
40:07 Crop Rotation
40:02 Bracer
42:28 Leather Archer Armor
46:37 Chemistry
46:15 Hoardings
46:56 Caravan
ClearDistortion
7:41 Loom
9:48 Feudal Age
10:47 Double-Bit Axe
10:44 Horse Collar
19:58 Castle Age
18:30 Gold Mining
18:59 Scale Barding Armor
21:20 Bow Saw
23:05 Chain Barding Armor
25:09 Heavy Plow
25:52 Forging
27:56 Wheelbarrow
28:21 Bloodlines
29:22 Hand Cart
29:07 Town Watch
30:38 Husbandry
31:47 Iron Casting
31:06 Stone Mining
39:46 Imperial Age
37:21 Fletching
37:58 Ballistics
38:06 Masonry
38:35 Bodkin Arrow
38:49 Light Cavalry
41:12 Plate Barding Armor
39:59 Cavalier
41:52 Blast Furnace
41:31 Conscription
41:20 Aznauri Cavalry
41:38 Hussar
42:30 Elite Monaspa
46:03 Bracer
玩印度的哥们硬不起来
4:04 Double-Bit Axe
7:57 Loom
10:11 Feudal Age
15:50 Castle Age
14:52 Horse Collar
24:42 Husbandry
25:01 Bow Saw
25:20 Gold Mining
27:57 Heavy Plow
28:22 Scale Barding Armor
29:44 Wheelbarrow
29:49 Cavalier
32:19 Chain Barding Armor
35:14 Forging
39:54 Imperial Age
41:23 Two-Man Saw
39:57 Paladin
41:29 Iron Casting
41:59 Gold Shaft Mining
42:28 Plate Barding Armor
43:59 Blast Furnace
46:15 Capped Ram
47:19 Hand Cart
棒总
6:21 Loom
9:26 Feudal Age
15:48 Fletching
16:25 Double-Bit Axe
17:15 Horse Collar
18:36 Wheelbarrow
23:07 Castle Age
21:58 Padded Archer Armor
21:54 Gold Mining
23:07 Crossbowman
23:58 Bodkin Arrow
27:58 Squires
27:44 Arson
29:20 Stone Mining
29:50 Leather Archer Armor
30:31 Bow Saw
32:25 Thumb Ring
32:44 Ballistics
33:03 Heavy Plow
34:08 Hand Cart
36:06 Stone Shaft Mining
41:10 Imperial Age
41:17 Arbalester
42:00 Bracer
Connection lost

Rejoining the realm…

Still unreachable

The connection could not be restored.

Session expired

The server has moved on; the page needs a fresh start.